 Dungeon Crawl Stone Soup version 0.31-a0-150-g89dc3ad700 (webtiles) character file.

Game seed: 16978821368926851641

5919 qw the Skirmisher (level 10, 0/66 HPs)
             Began as a Gargoyle Hunter on June 8, 2023.
             Slain by an orc
             ... wielding a +2 flail of protection
              (4 damage)
             ... on level 9 of the Dungeon.
             The game lasted 00:03:04 (5786 turns).

qw the Skirmisher (Gargoyle Hunter)                 Turns: 5786, Time: 00:03:05

Health: 0/66       AC: 18    Str: 15    XL:     10   Next: 83%
Magic:  10/10      EV: 13    Int: 10    God:
Gold:   258        SH:  0    Dex: 17    Spells: 9/9 levels left

rFire   + + .        b - +3 orcbow (flame)
rCold   . . .        (shield currently unavailable)
rNeg    + . .        o - +0 troll leather armour {Pargi}
rPois   inf          m - +2 helmet
rElec   +            (no cloak)
rCorr   .            (no gloves)
SInv    .            k - +2 pair of boots of Knowledge {Rampage}
Will    .....        i - amulet of the acrobat
Stlth   ++           g - ring of protection from fire
HPRegen 1.11/turn    l - ring of protection from fire
MPRegen 0.12/turn

%: acrobat, rampage
@: no status effects
A: sickness immunity, AC +7, negative energy resistance 1, electricity
resistance, torment resistance 1, petrification resistance
a: no special abilities


You were on level 9 of the Dungeon.
You visited 2 branches of the dungeon, and saw 10 of its levels.

You collected 459 gold pieces.
You spent 201 gold pieces at shops.


Innate Abilities, Weirdness & Mutations

You are immune to sickness and miasma.
Your stone body is resilient. (AC +7)
You are immune to poison.
You resist negative energy. (rN+)
You are resistant to electric shocks. (rElec)
You are resistant to unholy torment.
You are immune to petrification.


   Skills:
 - Level 9.0 Fighting
 + Level 13.2 Ranged Weapons
 - Level 3.0 Armour
 - Level 4.0 Dodging
 - Level 1.1 Stealth


You had 9 spell levels left.
You didn't know any spells.
Your spell library was empty.

Inventory:

Hand Weapons
 b - a +3 orcbow of flaming (weapon)
Armour
 k - the +2 pair of boots of Knowledge (worn) {Rampage}
   (You found it on level 2 of the Dungeon)

   Rampage:   It bestows one free step when moving towards enemies.
 m - a +2 helmet (worn)
 o - a +0 troll leather armour (worn) {Pargi}
Jewellery
 g - a ring of protection from fire (left hand)
 i - an amulet of the acrobat (around neck)
 l - a ring of protection from fire (right hand)
Scrolls
 a - 2 scrolls of identify
Potions
 c - a potion of haste
 d - a potion of resistance
 e - a potion of mutation
 f - 2 potions of cancellation
 h - a potion of brilliance {unknown}
 j - a potion of might
 n - 5 potions of curing

Dungeon Overview and Level Annotations

Branches:
Dungeon (9/15)             Temple (1/1) D:6            Lair (0/5) D:9
    Orc: D:9-12

Altars:
Ashenzari
Cheibriados
Dithmenos
Elyvilon
Fedhas
Gozag
Hepliaklqana
Kikubaaqudgha
Makhleb
Nemelex Xobeh
Qazlal
Ru
Sif Muna
Trog
Uskayaw
Vehumet
Wu Jian
Xom
Yredelemnul
Zin
The Shining One
Lugonu

Shops:
D:9 (

Annotations:
D:9 2 runed translucent doors


Message History

The orc closely misses you. The yak closely misses you. The yak gores you.
You shoot an arrow. The arrow hits the yak!
The arrow burns the yak.
You kill the yak!
The yak barely misses you. The orc closely misses you. The orc misses you.
The orc barely misses you. The yak closely misses you.
You shoot an arrow. The arrow hits the yak!!
The arrow burns the yak!
The yak is almost dead.
The yak closely misses you. The orc closely misses you.
The orc hits you with a +2 flail of protection.
The orc completely misses you. The yak gores you. The yak gores you!
You shoot an arrow. The arrow completely misses the yak.
The yak closely misses you. The orc hits you but does no damage.
The orc hits you with a +2 flail of protection!
The orc misses you. The yak closely misses you. The yak gores you.
You shoot an arrow. The arrow barely misses the yak.
You shoot an arrow. The arrow hits the yak.
The arrow burns the yak.
The yak is almost dead.
The yak gores you but does no damage. The orc closely misses you.
The orc hits you with a +2 flail of protection.
The orc hits you but does no damage. The yak gores you. x2
You shoot an arrow. The arrow hits the yak!
The arrow burns the yak.
You kill the yak!
The yak completely misses you. The orc hits you but does no damage.
The orc hits you with a +0 hand axe. The orc hits you but does no damage.
The yak gores you.
You shoot an arrow. The arrow hits the yak!
The arrow burns the yak.
The yak is heavily wounded.
The yak gores you but does no damage. The orc misses you.
The orc barely misses you. The orc hits you but does no damage.
The yak barely misses you.
You shoot an arrow. The arrow hits the yak!
The arrow burns the yak.
The yak is almost dead.
The yak misses you. The orc closely misses you. The orc misses you.
The orc closely misses you. The yak barely misses you.
You shoot an arrow. The arrow hits the yak!
The arrow burns the yak.
You kill the yak!
The yak closely misses you. The orc barely misses you.
The orc hits you with a +0 hand axe.
The orc hits you with a +2 flail of protection.
You die...

. #.......## ..
#.).##...# ...
#..#####..#
.......# #..##
....... ##..#
...... #>.# ..
#..## .
##.o###....
#%@z...)..
#.Yoo......
.....z......#
..............#
..............#
..............#
...............
##.............


You could see a yak, 2 wights and 3 orcs.

Vanquished Creatures
  An elephant (D:9)
  A troll (D:6)
  Sigmund (D:3)
  2 basilisks (D:9)
  10 yaks
  A water moccasin (D:7)
  A black bear (D:7)
  An ice beast (D:8)
  Pargi (D:3)
  3 orc warriors
  2 sky beasts (D:6)
  5 centaurs
  2 phantoms (D:5)
  3 kobold brigands
  3 bullfrogs
  10 wights
  3 scorpions
  3 killer bees (D:9)
  2 howler monkeys
  A crimson imp (D:7)
  3 orc priests
  3 hounds
  3 jellies
  Jessica (D:3)
  4 iguanas
  8 orc wizards
  7 gnolls
  11 adders
  A shadow imp (D:7)
  2 white imps
  An ufetubus (D:6)
  4 worms (D:2)
  2 dart slugs
  24 orcs
  8 ball pythons
  6 bats
  8 endoplasms
  6 giant cockroaches
  10 goblins
  9 hobgoblins
  2 jackals (D:3)
  24 kobolds
  3 quokkas
  A frilled lizard (D:2)
  7 rats
214 creatures vanquished.

Vanquished Creatures (others)
  A human (D:3)
  An orc wizard (D:3)
2 creatures vanquished.

Grand Total: 216 creatures vanquished

Notes
Turn   | Place    | Note
-------+----------+-------------------------------------------
     0 | D:1      | qw the Gargoyle Hunter began the quest for the Orb.
     0 | D:1      | Reached XP level 1. HP: 12/12 MP: 1/1
     0 | D:1      | 0 ||| qw: Version: 0.2-a-119-g7aa9181
     0 | D:1      | 0 ||| qw: Game counter: 2920
     0 | D:1      | 0 ||| qw: Always use a shield: true
     0 | D:1      | 0 ||| qw: God list: Okawaru
     0 | D:1      | 0 ||| qw: Allow faded altars: false
     0 | D:1      | 0 ||| qw: Do Orc after D:15 true
     0 | D:1      | 0 ||| qw: Do second Lair branch before Depths: true
     0 | D:1      | 0 ||| qw: Lair rune preference: random
     0 | D:1      | 0 ||| qw: Plans: Normal
     0 | D:1      | 0 ||| PLANNING D:1-11
    98 | D:1      | Reached XP level 2. HP: 16/17 MP: 2/2
   595 | D:1      | Reached XP level 3. HP: 21/21 MP: 3/3
   620 | D:1      | Reached skill level 5 in Ranged Weapons
   750 | D:1      | 750 ||| DROPPING amulet of magic regeneration.
   751 | D:1      | 751 ||| UPGRADING to amulet of the acrobat.
   756 | D:1      | 756 ||| UPGRADING to ring of protection from fire.
   757 | D:1      | 757 ||| READING 3 scrolls labelled ECIWU ZOAGIKLU.
   758 | D:1      | 758 ||| READING 2 scrolls labelled BEREG PIADO.
   759 | D:1      | 759 ||| READING scroll labelled AXTILU ZIRRU.
   760 | D:1      | 760 ||| DRINKING 2 blue potions.
   761 | D:1      | 761 ||| READING 2 scrolls of identify.
   761 | D:1      | 761 ||| IDENTIFYING smoky red potion
   762 | D:1      | 762 ||| DROPPING scroll of butterflies.
   887 | D:2      | Identified the +2 pair of boots of Knowledge {Rampage}
   889 | D:2      | Reached skill level 3 in Fighting
   943 | D:2      | Reached XP level 4. HP: 26/28 MP: 4/4
   973 | D:2      | HP: 7/28 [gnoll/+0 whip (3)]
  1305 | D:2      | 1305 ||| UPGRADING to +0 ring mail.
  1315 | D:2      | 1315 ||| DROPPING +0 leather armour.
  1316 | D:2      | 1316 ||| UPGRADING to +2 pair of boots of Knowledge
                  | {Rampage}.
  1321 | D:2      | 1321 ||| READING scroll labelled AVVATU YSEL.
  1351 | D:3      | 1351 ||| STAIRDANCE
  1357 | D:2      | Reached skill level 1 in Armour
  1394 | D:3      | Noticed Sigmund
  1404 | D:3      | Reached XP level 5. HP: 17/32 MP: 5/5
  1411 | D:3      | Killed Sigmund
  1412 | D:3      | Reached skill level 7 in Ranged Weapons
  1412 | D:3      | Reached XP level 6. HP: 15/37 MP: 6/6
  1569 | D:3      | Found an ancient bone altar of Kikubaaqudgha.
  1573 | D:3      | Noticed a human
  1575 | D:3      | Killed a human
  1586 | D:3      | Noticed Pargi
  1599 | D:3      | Killed Pargi
  1649 | D:3      | 1649 ||| READING scroll of enchant weapon.
  1649 | D:3      | 1649 ||| ENCHANTING +1 shortbow.
  1678 | D:3      | Found a broken altar of Ashenzari.
  1678 | D:3      | Found a white marble altar of Elyvilon.
  1748 | D:3      | 1748 ||| Stepping ~*~*~tactically~*~*~ (outnumbered).
  1754 | D:3      | 1754 ||| Stepping ~*~*~tactically~*~*~ (outnumbered).
  1770 | D:3      | Reached XP level 7. HP: 19/43 MP: 7/7
  1883 | D:3      | Noticed Jessica
  1884 | D:3      | Killed Jessica
  1889 | D:3      | 1889 ||| READING scroll of enchant weapon.
  1889 | D:3      | 1889 ||| ENCHANTING +2 shortbow.
  1935 | D:3      | Found a sacrificial altar of Ru.
  2048 | D:3      | Found a snail-covered altar of Cheibriados.
  2049 | D:3      | Found a glowing silver altar of Zin.
  2113 | D:3      | 2113 ||| UPGRADING to +0 helmet.
  2118 | D:3      | 2118 ||| UPGRADING to +0 troll leather armour {Pargi}.
  2128 | D:3      | 2128 ||| DROPPING +0 ring mail.
  2129 | D:3      | 2129 ||| READING scroll of enchant armour.
  2129 | D:3      | 2129 ||| ENCHANTING +0 helmet.
  2130 | D:3      | 2130 ||| READING scroll labelled BEUVUJETEO.
  2139 | D:3      | 2139 ||| READING scroll labelled ALY RYOCWEAFA.
  2140 | D:3      | 2140 ||| READING scroll labelled VIKAEPNISAN.
  2141 | D:3      | 2141 ||| DRINKING 2 bubbling coppery potions.
  2142 | D:3      | 2142 ||| READING 3 scrolls of identify.
  2142 | D:3      | 2142 ||| IDENTIFYING black potion
  2143 | D:3      | 2143 ||| READING 2 scrolls of identify.
  2143 | D:3      | 2143 ||| IDENTIFYING clear potion
  2144 | D:3      | 2144 ||| DROPPING potion of ambrosia.
  2492 | D:4      | Found a bloodstained altar of Trog.
  2516 | D:4      | 2516 ||| SWAPPING to +0 arbalest.
  2517 | D:4      | 2517 ||| DROPPING +3 shortbow.
  2631 | D:4      | 2631 ||| DROPPING +6 ring of intelligence.
  2632 | D:4      | 2632 ||| READING scroll labelled PUOLUZ CIAC.
  2635 | D:4      | 2635 ||| READING scroll labelled SARUOVVIFA.
  2636 | D:4      | 2636 ||| DRINKING 2 viscous inky potions.
  2671 | D:4      | 2671 ||| READING 2 scrolls of identify.
  2671 | D:4      | 2671 ||| IDENTIFYING yellow potion
  2672 | D:4      | 2672 ||| DROPPING potion of lignification.
  2697 | D:5      | Entered Level 5 of the Dungeon
  2699 | D:5      | Found a shimmering altar of Xom.
  2704 | D:5      | Reached skill level 8 in Ranged Weapons
  2728 | D:5      | Found a shimmering altar of Xom.
  2731 | D:5      | Reached XP level 8. HP: 38/50 MP: 8/8
  2742 | D:5      | Found a shimmering altar of Xom.
  2744 | D:5      | Found a shimmering altar of Xom.
  2747 | D:5      | Found a shimmering altar of Xom.
  2747 | D:5      | Found a shimmering altar of Xom.
  2861 | D:5      | 2861 ||| READING scroll of enchant armour.
  2861 | D:5      | 2861 ||| ENCHANTING +1 helmet.
  2991 | D:5      | Reached skill level 9 in Ranged Weapons
  3261 | D:5      | 3261 ||| Stepping ~*~*~tactically~*~*~ (outnumbered).
  3268 | D:5      | Reached skill level 6 in Fighting
  3351 | D:5      | 3351 ||| UPGRADING to ring of protection from fire.
  3352 | D:5      | 3352 ||| READING scroll labelled VOQIRE HON ZIX.
  3353 | D:5      | 3353 ||| READING scroll labelled JYSTAFOOMM.
  3354 | D:5      | 3354 ||| READING scroll labelled CIRAL FEIJOU.
  3355 | D:5      | 3355 ||| DRINKING 3 sapphire potions.
  3356 | D:5      | 3356 ||| READING 2 scrolls of identify.
  3356 | D:5      | 3356 ||| IDENTIFYING viscous dark potion
  3357 | D:5      | 3357 ||| DROPPING potion of enlightenment.
  3410 | D:6      | Found a staircase to the Ecumenical Temple.
  3411 | D:6      | 3411 ||| PLANNING TEMPLE
  3438 | Temple   | Entered the Ecumenical Temple
  3470 | Temple   | 3470 ||| PLANNING D:1-11
  3543 | D:6      | Reached skill level 10 in Ranged Weapons
  3555 | D:6      | Found a blossoming altar of Fedhas.
  3570 | D:6      | Reached XP level 9. HP: 56/56 MP: 9/9
  3604 | D:6      | Noticed a troll
  3618 | D:6      | Killed a troll
  3619 | D:6      | Reached skill level 3 in Dodging
  3636 | D:6      | Found a radiant altar of Vehumet.
  4005 | D:7      | HP: 13/57 [orc warrior/+0 hand axe (9)]
  4006 | D:7      | 4006 ||| READING 2 scrolls of teleportation.
  4006 | D:7      | HP: 4/57 [orc warrior/+0 hand axe (10)]
  4007 | D:7      | 4007 ||| DRINKING potion of heal wounds.
  4057 | D:7      | 4057 ||| Stepping ~*~*~tactically~*~*~ (outnumbered).
  4074 | D:7      | 4074 ||| READING scroll of enchant weapon.
  4074 | D:7      | 4074 ||| ENCHANTING +0 arbalest.
  4353 | D:7      | Found a burning altar of Makhleb.
  4520 | D:8      | Reached skill level 11 in Ranged Weapons
  4527 | D:8      | Reached skill level 3 in Armour
  4532 | D:8      | HP: 12/57 [wight/+5 great sword (4)]
  4533 | D:8      | 4533 ||| READING scroll of teleportation.
  4534 | D:8      | 4534 ||| DRINKING potion of heal wounds.
  4633 | D:8      | Reached XP level 10. HP: 36/64 MP: 10/10
  4663 | D:8      | 4663 ||| FLEEEEING.
  4919 | D:8      | Reached skill level 12 in Ranged Weapons
  5415 | D:8      | 5415 ||| READING 3 scrolls of identify.
  5415 | D:8      | 5415 ||| IDENTIFYING smoky puce potion
  5416 | D:8      | 5416 ||| READING 2 scrolls of identify.
  5416 | D:8      | 5416 ||| IDENTIFYING dark potion
  5417 | D:8      | 5417 ||| DROPPING potion of attraction.
  5460 | D:9      | Noticed an elephant
  5466 | D:9      | Killed an elephant
  5497 | D:9      | 5497 ||| FLEEEEING.
  5509 | D:9      | Found a staircase to the Lair.
  5521 | D:9      | Reached skill level 13 in Ranged Weapons
  5549 | D:9      | Found Tikustet's Antique Weapon Shop.
  5558 | D:9      | 5558 ||| BUYING glowing orcbow (201 gold).
  5558 | D:9      | Bought a glowing orcbow for 201 gold pieces
  5558 | D:9      | 5558 ||| SWAPPING to +3 orcbow of flaming.
  5559 | D:9      | 5559 ||| DROPPING +1 arbalest.
  5724 | D:9      | Found a runed translucent gate.
  5727 | D:9      | Found a runed translucent gate.
  5731 | D:9      | Found a shadowy altar of Dithmenos.
  5732 | D:9      | 5732 ||| Stepping ~*~*~tactically~*~*~ (outnumbered).
  5734 | D:9      | 5734 ||| Stepping ~*~*~tactically~*~*~ (outnumbered).
  5735 | D:9      | 5735 ||| Stepping ~*~*~tactically~*~*~ (outnumbered).
  5774 | D:9      | Reached skill level 9 in Fighting
  5780 | D:9      | HP: 13/66 [yak (6)]
  5783 | D:9      | HP: 5/66 [yak (3)]
  5786 | D:9      | Slain by an orc

Levels and vault maps discovered:
D:1:      dpeg_arrival_subterranean_lakeside_camping, layout_loops_ring,
          kennysheep_decorative_pillar
D:2:      cheibrodos_old_hovel, layout_rooms, kennysheep_generic_room_15
D:3:      layout_rooms, nicolae_ru_great_annihilating_truth,
          gammafunk_temple_overflow_wave, tgw_kikubaaqudgha,
          gammafunk_temple_overflow_pools, uniq_jessica, uniq_sigmund,
          uniq_pargi
D:4:      layout_basic, mainiacjoe_overflow_alcove_1
D:5:      layout_loops_ring, xom_redecorated, chequers_jeans,
          chequers_serial_rivers_small_b, minmay_manual_mares
D:6:      layout_gridville, mainiacjoe_overflow_concentric_impassable,
          fiery_altar_vehumet, minmay_temple_entry_tees
D:7:      layout_loops_cross, makhleb_grotto_becter
D:8:      layout_layer_cave
D:9:      gammafunk_boulding_lane, layout_layer_cave, grunt_dithmenos_smoke,
          david_lair_generic, gammafunk_ghost_ooze, serial_shops,
          nicolae_shop_overgrown_old_shop, minmay_hedge_maze,
          hangedman_abyss_or_decor_stagger
Temple:   corrupted_temple

Skill      XL: |  1  2  3  4  5  6  7  8  9 10 |
---------------+-------------------------------+-----
Ranged Weapons | 5 7 8 10 11 13 | 13.2
Fighting       | 3 4 5 6 8 9 |  9.0
Armour         | 1 2 3 |  3.0
Dodging        | 2 3 4 |  4.0
Stealth        | |  1.1

Action                     |  1- 3 |  4- 6 |  7- 9 | 10-12 || total
---------------------------+-------+-------+-------+-------++-------
   Fire: Shortbow          |   128 |   117 |    56 |       ||   301
         Arbalest          |       |       |   277 |   109 ||   386
         Orcbow            |       |       |       |    34 ||    34
    Use: Scroll            |     4 |     2 |    18 |     2 ||    26
         Potion            |     1 |       |     5 |       ||     6
 Armour: Leather armour    |    23 |     7 |       |       ||    30
         Ring mail         |       |    29 |     2 |       ||    31
         Troll leather arm |       |       |   147 |    53 ||   200
  Dodge: Dodged            |    36 |    42 |   225 |    93 ||   396

Table legend:
 A = Non-vault XP
 B = Vault XP
 C = Vault XP percentage of total XP
 D = Non-vault monster count
 E = Vault monster count
 F = Vault count percentage of total count
                 A         B        C        D         E       F
            +---------+---------+-------+---------+---------+-------
      Total |    6859 |    1796 |  20.8 |     193 |      22 |  10.2
            +---------+---------+-------+---------+---------+-------
        D:1 |      31 |       9 |  22.5 |      19 |       6 |  24.0
        D:2 |     103 |       3 |   2.8 |      23 |       2 |   8.0
        D:3 |     137 |     451 |  76.7 |      21 |       7 |  25.0
        D:4 |     151 |       0 |   0.0 |      19 |       0 |   0.0
        D:5 |     692 |     230 |  24.9 |      23 |       2 |   8.0
        D:6 |     989 |       0 |   0.0 |      13 |       0 |   0.0
        D:7 |     732 |      48 |   6.2 |      13 |       1 |   7.1
        D:8 |    2447 |       0 |   0.0 |      44 |       0 |   0.0
        D:9 |    1577 |    1055 |  40.1 |      18 |       4 |  18.2
            +---------+---------+-------+---------+---------+-------
